 Dungeon Crawl Stone Soup version 0.24.0-7-gb3623d2c88 (webtiles) character file.

Game seed: 13145322863139193533, levelgen mode: deterministic

31416 Baz the Slicer (level 13, -4/81 HPs)
             Began as a Kobold Ice Elementalist on Nov 2, 2019.
             Was an Elder of Dithmenos.
             Slain by a death yak (19 damage)
             ... on level 4 of the Lair of Beasts.
             The game lasted 01:15:14 (26494 turns).

Baz the Slicer (Kobold Ice Elementalist)           Turns: 26494, Time: 01:15:14

Health: -4/81      AC:  8    Str:  9    XL:     13   Next: 96%
Magic:  12/17      EV: 21    Int: 18    God:    Dithmenos [****..]
Gold:   1054       SH:  0    Dex: 15    Spells: 4/18 levels left

rFire    . . .     SeeInvis .   a - +1 short sword (drain)
rCold    . . .     Gourm    .   (shield restricted)
rNeg     . . .     Faith    .   F - +0 leather armour
rPois    .         Spirit   .   (no helmet)
rElec    .         Reflect  .   (no cloak)
rCorr    .         Harm     .   D - +2 pair of gloves
MR       +....                  d - +0 pair of boots
Stlth    ++++++++..             (no amulet)
HPRegen  0.23/turn              g - ring of protection from magic
MPRegen  0.15/turn              K - +2 ring of evasion

@: wreathed by umbra
A: small, carnivore
a: Shadow Step, Renounce Religion


You were on level 4 of the Lair of Beasts.
You worshipped Dithmenos.
Dithmenos was greatly pleased with you.
You were not hungry.

You visited 3 branches of the dungeon, and saw 19 of its levels.
You also visited: Sewer and Ice Cave.

You collected 1054 gold pieces.

Inventory:

Hand Weapons
 a - a +1 short sword of draining (weapon)
 b - a +0 rapier
Missiles
 e - 577 stones (quivered)
 j - a throwing net
 w - 4 curare-tipped darts
 x - 5 datura-tipped darts
 L - 109 sling bullets
Armour
 d - a +0 pair of boots (worn)
 D - a +2 pair of gloves (worn)
 F - a +0 leather armour (worn)
Jewellery
 f - an uncursed ring of ice
 g - a ring of protection from magic (left hand)
 C - an uncursed ring of protection from cold
 J - an uncursed ring of protection from magic
 K - a +2 ring of evasion (right hand)
 P - an uncursed ring of positive energy
Wands
 B - a wand of flame (12)
 H - a wand of acid (4)
 M - a wand of iceblast (20)
 U - a wand of paralysis (4)
 Y - a wand of polymorph (10)
Scrolls
 h - 5 scrolls of remove curse
 l - 3 scrolls of blinking
 n - 2 scrolls of amnesia
 q - 3 scrolls of teleportation
 r - 4 scrolls of fog
 y - a scroll of vulnerability
 G - a scroll of silence
 I - 2 scrolls of enchant armour
 N - a scroll of fear
 R - a scroll of holy word
 T - 2 scrolls of noise
 V - a scroll of identify
 X - a scroll of torment {unknown}
 Z - 2 scrolls of summoning {unknown}
Potions
 i - 3 potions of haste
 k - a potion of resistance
 m - 2 potions of agility
 o - 3 potions of ambrosia
 p - 2 potions of heal wounds
 s - 2 potions of mutation {unknown}
 t - 3 potions of degeneration {unknown}
 u - 5 potions of curing
 v - 5 potions of brilliance {unknown}
 z - a potion of flight
 E - a potion of magic
 O - a potion of might {unknown}
 Q - 3 potions of invisibility {unknown}
 S - a potion of lignification {unknown}
 W - a potion of berserk rage
Comestibles
 c - 32 rations


   Skills:
 + Level 9.7 Fighting
 * Level 12.9 Short Blades
 * Level 7.7 Armour
 - Level 8.4 Dodging
 + Level 12.6 Stealth
 - Level 3.2 Spellcasting
 - Level 6.2 Conjurations
 - Level 6.0 Hexes
 - Level 6.2 Ice Magic
 - Level 5.0 Air Magic


You had 4 spell levels left.
You knew the following spells:

 Your Spells              Type           Power        Failure   Level  Hunger
a - Freeze                Ice            ####         1%          1    None
b - Throw Frost           Conj/Ice       ####..       2%          2    ##.....
c - Ozocubu's Armour      Chrm/Ice       ##......     19%         3    ###....
d - Mephitic Cloud        Conj/Pois/Air  ###.....     14%         3    ###....
e - Ensorcelled Hibernat  Hex/Ice        ###...       2%          2    ##.....
f - Confuse               Hex            ###.....     5%          3    ###....

Your spell library contained the following spells:

 Spells                   Type           Power        Failure   Level  Hunger
 Corona                   Hex            ###....      1%          1    None
 Dazzling Spray           Conj/Hex       ###...       5%          3    ###....
 Tukima's Dance           Hex            ###.....     5%          3    ###....
 Sting                    Conj/Pois      ##..         6%          1    None
 Poisonous Vapours        Pois/Air       ##....       12%         2    ##.....
 Throw Icicle             Conj/Ice       ####....     16%         4    ####...
 Spectral Weapon          Hex/Chrm       ##......     19%         3    ###....
 Stone Arrow              Conj/Erth      ##....       19%         3    ###....
 Animate Skeleton         Necr           N/A          22%         1    None
 Infusion                 Chrm           #...         22%         1    None
 Pain                     Necr           #...         22%         1    None
 Sandblast                Erth           #.....       22%         1    None
 Passwall                 Tmut/Erth      #.......     32%         2    ##.....
 Shroud of Golubria       Chrm/Tloc      #.....       32%         2    ##.....
 Song of Slaying          Chrm           #.......     32%         2    ##.....
 Summon Ice Beast         Ice/Summ       ##......     52%         4    ####...
 Recall                   Summ/Tloc      N/A          54%         3    ###....
 Regeneration             Chrm/Necr      #.........   54%         3    ###....
 Vampiric Draining        Necr           #.........   54%         3    ###....
 Animate Dead             Necr           N/A          91%         4    ####...
 Olgreb's Toxic Radiance  Pois           #.......     91%         4    ####...
 Petrify                  Tmut/Erth      #.......     91%         4    ####...
 Venom Bolt               Conj/Pois      ##........   86%         5    ######.
 Borgnjor's Vile Clutch   Necr/Erth      #.........   99%         5    ######.
 Lee's Rapid Deconstruct  Erth           #.........   99%         5    ######.
 Death Channel            Necr           #.........   100%        6    #######
 Simulacrum               Ice/Necr       ##........   100%        6    #######


Dungeon Overview and Level Annotations

Branches:
Dungeon (12/15)            Temple (1/1) D:4            Lair (6/6) D:11
 Shoals (0/4) Lair:2       Spider (0/4) Lair:2        Slime (0/5) Lair:6
    Orc (0/2) D:10          Sewer (visited)           IceCv (visited)

Altars:
Ashenzari
Cheibriados
Dithmenos
Elyvilon
Fedhas
Gozag
Hepliaklqana
Kikubaaqudgha
Makhleb
Nemelex Xobeh
Okawaru
Qazlal
Ru
Sif Muna
Trog
Uskayaw
Vehumet
Wu Jian
Xom
Yredelemnul
Zin
The Shining One

Shops:
D:4 [

Annotations:
D:6 Dowan, Duvessa
Lair:2 exclusion: door, Gastronok
Lair:3 exclusion: 3 oklob plants


Innate Abilities, Weirdness & Mutations

You are small and have problems with some larger weapons.
You are carnivorous and can eat meat at any time.


Message History

The death yak is engulfed in noxious fumes.
The death yak closely misses you.
You hit the death yak.
The death yak is lightly wounded.
You hit the death yak. You drain the death yak.
The death yak is lightly wounded.
The death yak is engulfed in noxious fumes.
The death yak gores you!!
You hit the death yak but do no damage.
The death yak is lightly wounded.
You puncture the death yak!
The death yak is moderately wounded.
The death yak is engulfed in noxious fumes.
The death yak gores you!!
* * * LOW HITPOINT WARNING * * *
You hit the death yak but do no damage. You drain the death yak.
The death yak is moderately wounded.
The death yak is engulfed in noxious fumes.
The death yak gores you!!
You die...

###.†##..?.........#.##≈≈≈......
#....#..........#######≈≈≈≈.....
##..#####...####..###..≈≈≈≈≈....
##...# ##.########....≈≈≈≈≈....
#...P# #..##..#.......≈≈≈≈≈...
.#...# ###.P°......##.≈≈≈≈≈...
#....# ####...°°........≈≈≈≈≈≈≈..
#...####.....####Y.....##≈≈≈≈≈≈..
...#......###...@......###≈≈≈≈≈..
#........##....<........###≈≈≈≈≈.
.#.....##..............## #≈≈≈≈≈.
.###.##.........##.....# #≈≈≈≈≈.
...........#########...P# ##≈≈≈≈.
....8....#.# ###### ##≈≈≈≈.
#.......#### #≈≈≈≈≈# #.8...8.#
#≈≈≈≈≈# #.......## #≈≈≈≈≈#


You could see a death yak.

Vanquished Creatures
  Erolcha (D:10)
  3 hydras
  2 two-headed ogres
  6 death yaks
  The ghost of jt the Summoner, a novice VSSu (D:8)
  An ugly thing (D:11)
  A wolf spider (Lair:2)
  2 black mambas
  A merfolk siren (Lair:2)
  4 elephants
  7 spiny frogs
  3 rime drakes
  A kobold demonologist (D:12)
  An ice devil (Lair:1)
  2 komodo dragons
  2 polar bears
  4 trolls
  3 jumping spiders (Lair:2)
  6 hippogriffs
  5 blink frogs
  2 dream sheep (D:10)
  Prince Ribbit (D:9)
  12 yaks
  3 wyverns (D:11)
  4 basilisks
  2 hungry ghosts
  2 soldier ants
  9 orc warriors
  7 water moccasins
  10 porcupines
  A swamp drake (D:11)
  4 sky beasts
  3 black bears
  12 ice beasts
  3 phantoms
  2 centaurs (D:5)
  5 ogres
  10 crocodiles
  9 big kobolds
  11 bullfrogs
  A gnoll sergeant (D:10)
  A water moccasin zombie (D:7)
  A scorpion (Lair:2)
  A wyvern skeleton (D:7)
  4 killer bees
  An electric eel (Lair:4)
  A howler monkey (D:11)
  5 crimson imps
  4 bullfrog zombies
  A jelly (D:6)
  3 orc priests
  3 orc wizards
  6 hounds
  4 bullfrog skeletons
  6 iguanas
  13 worker ants
  3 gnolls
  A howler monkey skeleton (D:9)
  11 adders
  3 shadow imps
  An ooze (D:1)
  2 adder zombies (D:6)
  3 worms
  An adder skeleton (D:7)
  A dart slug (D:2)
  4 leopard geckos
  19 orcs
  10 bats
  12 giant cockroaches
  4 hobgoblins
  3 jackals (D:8)
  4 quokkas
  6 ball pythons
  4 frilled lizards
  11 goblins
  A jackal skeleton (D:5)
  32 kobolds
  13 rats
372 creatures vanquished.

Vanquished Creatures (others)
  5 fungi
  3 plants
8 creatures vanquished.

Grand Total: 380 creatures vanquished

Notes
Turn   | Place    | Note
-------+----------+-------------------------------------------
     0 | D:1      | Baz the Kobold Ice Elementalist began the quest for the
                  | Orb.
     0 | D:1      | Reached XP level 1. HP: 10/10 MP: 3/3
   292 | D:1      | Reached XP level 2. HP: 11/16 MP: 3/5
   814 | D:1      | Reached skill level 1 in Fighting
   814 | D:1      | Reached XP level 3. HP: 20/20 MP: 3/6
  1043 | D:2      | Learned a level 2 spell: Throw Frost
  1047 | D:2      | Learned a level 3 spell: Ozocubu's Armour
  1689 | D:2      | Found a shimmering blue altar of Sif Muna.
  1690 | D:2      | Found a white marble altar of Elyvilon.
  1741 | D:2      | Reached XP level 4. HP: 12/25 MP: 0/8
  3470 | D:4      | Noticed a water moccasin
  3472 | D:4      | Found Liop Cyt's Armour Boutique.
  3478 | D:4      | Killed a water moccasin
  3478 | D:4      | Reached XP level 5. HP: 25/31 MP: 5/9
  3478 | D:4      | Reached XP level 6. HP: 29/36 MP: 5/10
  3728 | D:4      | Found a glowing drain.
  3760 | Sewer    | Entered a sewer
  3994 | Sewer    | Reached skill level 1 in Short Blades
  4583 | Sewer    | Reached skill level 5 in Stealth
  4583 | Sewer    | Reached skill level 5 in Ice Magic
  4583 | Sewer    | Reached XP level 7. HP: 29/41 MP: 3/11
  5189 | D:4      | Found a staircase to the Ecumenical Temple.
  5263 | Temple   | Entered the Ecumenical Temple
  5628 | Temple   | Became a worshipper of Dithmenos the Shadowed
  6250 | D:5      | Entered Level 5 of the Dungeon
  6479 | D:5      | Reached XP level 8. HP: 20/48 MP: 6/12
  6813 | D:5      | Reached skill level 5 in Short Blades
  8278 | D:6      | Reached XP level 9. HP: 53/53 MP: 3/13
  8360 | D:6      | Reached skill level 5 in Fighting
  8418 | D:6      | Reached * piety under Dithmenos
  8475 | D:6      | Learned a level 3 spell: Mephitic Cloud
  8626 | D:6      | Noticed Duvessa
  8627 | D:6      | Noticed Dowan
  8756 | D:6      | Learned a level 2 spell: Ensorcelled Hibernation
  9135 | D:6      | Reached skill level 1 in Air Magic
  9356 | D:7      | Reached skill level 1 in Armour
 10199 | D:7      | Learned a level 3 spell: Confuse
 10261 | D:7      | Found a radiant altar of Vehumet.
 10263 | D:7      | Found an ancient bone altar of Kikubaaqudgha.
 10265 | D:7      | Found a glowing silver altar of Zin.
 10464 | D:7      | Found an iron altar of Okawaru.
 10516 | D:7      | Found a hide-covered altar of Uskayaw.
 10581 | D:8      | Noticed a hippogriff
 10584 | D:8      | Killed a hippogriff
 10601 | D:8      | Noticed a hippogriff
 10605 | D:8      | Killed a hippogriff
 10605 | D:8      | Reached XP level 10. HP: 60/60 MP: 14/14
 11034 | D:8      | Found a runed translucent door.
 11034 | D:8      | Noticed jt's ghost (novice VSSu)
 11040 | D:8      | Killed jt's ghost
 11184 | D:8      | Reached skill level 5 in Conjurations
 11539 | D:8      | Noticed a two-headed ogre
 11996 | D:8      | Killed a two-headed ogre
 12356 | D:8      | Found a shimmering altar of Xom.
 12399 | D:9      | Noticed Prince Ribbit
 12420 | D:9      | Killed Prince Ribbit
 12606 | D:9      | Reached skill level 10 in Stealth
 12742 | D:9      | Noticed a two-headed ogre
 13080 | D:9      | Killed a two-headed ogre
 13294 | D:9      | Reached ** piety under Dithmenos
 13316 | D:9      | Reached XP level 11. HP: 67/67 MP: 15/15
 13325 | D:9      | Found a sacrificial altar of Ru.
 13817 | D:10     | Entered Level 10 of the Dungeon
 13834 | D:10     | Reached skill level 5 in Armour
 14296 | D:10     | Found a burning altar of Makhleb.
 14866 | D:10     | Noticed Erolcha
 14922 | D:10     | Killed Erolcha
 15025 | D:10     | Found a staircase to the Orcish Mines.
 15613 | D:10     | Reached skill level 5 in Dodging
 15858 | D:10     | Reached *** piety under Dithmenos
 15951 | D:10     | Noticed a three-headed hydra
 16302 | D:11     | Noticed a purple ugly thing
 16409 | D:11     | Killed a purple ugly thing
 16447 | D:11     | Reached skill level 1 in Hexes
 17094 | D:11     | Found a staircase to the Lair.
 17286 | D:11     | Reached XP level 12. HP: 75/75 MP: 7/16
 17966 | Lair:1   | Entered Level 1 of the Lair of Beasts
 18190 | Lair:1   | Found a frozen archway.
 18306 | Lair:1   | Reached **** piety under Dithmenos
 18319 | IceCv    | Entered an ice cave
 18972 | Lair:1   | Noticed a six-headed hydra
 19040 | Lair:1   | Killed a six-headed hydra
 19731 | Lair:2   | You fall into a shaft and drop 2 floors!
 19837 | Lair:3   | You fall into a shaft and drop 3 floors!
 19837 | Lair:6   | Entered Level 6 of the Lair of Beasts
 19839 | Lair:6   | Found a staircase to the Slime Pits.
 20434 | Lair:5   | Reached skill level 5 in Air Magic
 20514 | Lair:5   | Reached skill level 10 in Short Blades
 21035 | Lair:3   | Reached skill level 5 in Hexes
 21250 | Lair:4   | Reached XP level 13. HP: 58/80 MP: 13/17
 22097 | Lair:3   | Noticed a five-headed hydra
 22443 | Lair:2   | Found a hole to the Spider Nest.
 22606 | Lair:2   | Noticed Gastronok
 23085 | Lair:2   | Found a staircase to the Shoals.
 23126 | Lair:2   | Noticed an eight-headed hydra
 23306 | Lair:2   | Killed an eight-headed hydra
 24569 | Lair:3   | Killed a five-headed hydra
 25813 | Lair:2   | Noticed a five-headed hydra
 26494 | Lair:4   | Slain by a death yak

Levels and vault maps discovered:
D:1:      dpeg_arrival_rhombi, layout_rooms
D:2:      layout_basic, gammafunk_temple_overflow_statue, first_ration
D:3:      layout_basic, item_on_display_a
D:4:      layout_loops_ring, minmay_temple_entry_sparse_star, serial_shops,
          nicolae_shop_window_shopping, portal_sewer_entry_a
D:5:      layout_loops_corners, kennysheep_generic_room_13
D:6:      layout_basic, uniq_duvessa
D:7:      cheibrodos_helix_gallery, layout_basic, kennysheep_okawaru_gauntlet,
          kennysheep_mini_moat, minitemple, minmay_increasing_density
D:8:      layout_loops_corners, tgw_xom, gammafunk_ghost_grave
D:9:      layout_loops_ring, lemuel_doored_altar, uniq_prince_ribbit1
D:10:     layout_basic, kennysheep_orc_monster_closet_entryway, hangedman_ranch
          [blue_anna_fruit_fields], bloody_makhleb, uniq_erolcha
D:11:     layout_long_grid, erik_lair_dragon
D:12:     layout_cave_pools, minmay_mirror_moons_of_madness, uniq_sonja,
          uniq_josephine, uniq_urug
Temple:   oiseaux_autumnal_temple
Lair:1:   layout_gridlike, portal_ice_cave_entry_ice_beasts, grunt_megastairs_2
Lair:2:   layout_long_grid, minmay_shoals_entry_lonely_mermaid,
          spider_nest_entry_funnel_web, grunt_forest_stairs_basic,
          grunt_forest_large_clearing_hut, uniq_gastronok
Lair:3:   layout_misc_corridors, minivault_25, serial_bayou_pond_b,
          minmay_lair_oklob_chamber
Lair:4:   wander_river, layout_cave_pods, st_stairs_10,
          infiniplex_staircase_pool, grunt_megastairs_4
Lair:5:   layout_hall_layers, maelrawn_ghost_gauntlet_escape,
          guppyfry_lair_drakes, uniq_rupert
Lair:6:   evilmike_catoblepas_cave, layout_concentric_octagons,
          minmay_slime_entry_pillars, serial_bayou_shore_a

Skill      XL: |  1  2  3  4  5  6  7  8  9 10 11 12 13 |
---------------+----------------------------------------+-----
Stealth        | 3 4 5 6 7 9 10 11 12 | 12.6
Fighting       | 1 2 3 4 5 7 8 9 |  9.7
Ice Magic      | 4 5 6 |  6.2
Spellcasting   | 3 |  3.2
Short Blades   | 2 4 7 10 12 | 12.9
Air Magic      | 2 4 5 |  5.0
Conjurations   | 3 6 |  6.2
Armour         | 2 4 6 7 |  7.7
Dodging        | 3 5 7 8 |  8.4
Hexes          | 2 5 6 |  6.0

Action                   |  1- 3 |  4- 6 |  7- 9 | 10-12 | 13-15 || total
-------------------------+-------+-------+-------+-------+-------++-------
Melee: Unarmed           |     1 |       |       |       |       ||     1
       Dagger            |     8 |    49 |   209 |   129 |       ||   395
       Rapier            |       |       |    72 |   229 |       ||   301
       Short sword       |       |       |       |   412 |   199 ||   611
 Cast: Freeze            |    53 |    75 |    84 |    70 |    12 ||   294
       Throw Frost       |     3 |     3 |    19 |    28 |     4 ||    57
       Ensorcelled Hiber |       |       |     7 |    62 |    61 ||   130
       Ozocubu's Armour  |       |       |     1 |    12 |     4 ||    17
       Mephitic Cloud    |       |       |       |    24 |    29 ||    53
       Confuse           |       |       |       |       |     1 ||     1
Invok: Shadow Step       |       |       |       |     1 |     1 ||     2
Evoke: Wand              |       |       |    12 |     5 |       ||    17
  Use: Scroll            |     1 |     7 |     6 |    10 |     7 ||    31
       Potion            |       |       |     2 |     2 |       ||     4
 Stab: Sleeping          |     5 |     7 |    20 |    49 |    36 ||   117
       Distracted        |       |       |     1 |       |       ||     1
       Confused          |       |       |       |    32 |    14 ||    46
  Eat: Chunk             |    11 |     9 |    14 |    57 |    16 ||   107
       Ration            |       |       |     2 |       |       ||     2
Armor: Robe              |    11 |     4 |       |       |       ||    15
       Leather armour    |       |    10 |    68 |   112 |    22 ||   212
Dodge: Dodged            |    32 |    76 |   225 |   667 |   162 ||  1162
